 Dungeon Crawl Stone Soup version 0.31.0-11-ge490571c62 (webtiles) character file.

Game seed: 9584036611611218004

760 qw the Shooter (level 7, 0/35 HPs)
             Began as a Spriggan Hunter on Feb 4, 2024.
             Was an Initiate of Okawaru.
             Shot with an arrow by a centaur (14 damage)
             ... on level 6 of the Dungeon.
             The game lasted 00:00:18 (4227 turns).

qw the Shooter (Spriggan Hunter)                    Turns: 4227, Time: 00:00:19

Health: 0/35       AC:  2    Str:  7    XL:     7   Next: 50%
Magic:  8/8        EV: 22    Int: 10    God:    Okawaru [......]
Gold:   363        SH:  0    Dex: 21    Spells: 6/6 levels left

rFire   . . .        a - +1 shortbow
rCold   . . .        (shield currently unavailable)
rNeg    . . .        c - +0 robe
rPois   .            (helmet restricted)
rElec   .            (no cloak)
rCorr   .            (gloves unavailable)
SInv    +            (boots unavailable)
Will    +....        k - amulet of faith
Stlth   ++           (no ring)
HPRegen 0.25/turn    (no ring)
MPRegen 0.11/turn

%: faith
@: very quick
A: very small, no large weapons, unfitting armour, see invisible, speed 3
a: Renounce Religion


You were on level 6 of the Dungeon.
You worshipped Okawaru.
Okawaru was noncommittal.
You visited 2 branches of the dungeon, and saw 7 of its levels.

You collected 363 gold pieces.


Innate Abilities, Weirdness & Mutations

You are very small and have problems with some larger weapons.
You are too small for most types of armour.
You have supernaturally acute eyesight. (SInv)
You cover ground extremely quickly. (Speed+++)


   Skills:
 - Level 2.1 Fighting
 + Level 7.7 Ranged Weapons
 - Level 7.0 Dodging
 - Level 1.5 Stealth


You had 6 spell levels left.
You didn't know any spells.
Your spell library was empty.

Inventory:

Hand Weapons
 a - a +1 shortbow (weapon)
Armour
 c - a +0 robe (worn)
Jewellery
 f - an amulet of guardian spirit
 k - an amulet of faith (around neck)
Scrolls
 b - a scroll of enchant armour
 e - a scroll of identify
Potions
 d - a potion of mutation
 i - 3 potions of curing

Dungeon Overview and Level Annotations

Branches:
Dungeon (6/15)             Temple (1/1) D:5

Altars:
Ashenzari
Cheibriados
Dithmenos
Elyvilon
Fedhas
Hepliaklqana
Kikubaaqudgha
Makhleb
Nemelex Xobeh
Okawaru
Qazlal
Ru
Sif Muna
Uskayaw
Vehumet
Xom

Annotations:
D:3 3 runed translucent doors, qw's ghost, amateur DEHu


Message History

The ufetubus barely misses you. The ufetubus hits you.
You shoot an arrow. The arrow closely misses the ufetubus.
A centaur comes into view.
The ufetubus hits you. The ufetubus closely misses you.
You shoot an arrow. The centaur shouts!
The arrow hits the ufetubus.
The ufetubus is severely wounded.
The ufetubus completely misses you. The ufetubus hits you.
The ufetubus completely misses you. x3; The ufetubus barely misses you.
The ufetubus closely misses you. The ufetubus misses you.
You shoot an arrow. The arrow misses the ufetubus.
The ufetubus slips past you! The ufetubus misses you. x2
The ufetubus closely misses you. The ufetubus completely misses you.
You shoot an arrow. The arrow closely misses the ufetubus.
The ufetubus completely misses you. x2; The ufetubus slips past you!
The ufetubus barely misses you. The ufetubus misses you.
The ufetubus closely misses you. The ufetubus misses you.
The centaur wields a +0 orcbow.
The centaur shoots an arrow.
The arrow misses you.
The arrow misses the ufetubus.
The ufetubus closely misses you. x2
You shoot an arrow. The arrow misses the ufetubus.
The ufetubus barely misses you. The ufetubus hits you.
The ufetubus completely misses you. The ufetubus misses you.
The centaur shoots an arrow.
The arrow misses you.
The arrow barely misses the ufetubus.
You shoot an arrow. The arrow hits the ufetubus.
The ufetubus is severely wounded.
The ufetubus misses you. x2; The ufetubus barely misses you.
The ufetubus closely misses you.
The centaur shoots an arrow.
The arrow hits you! The ufetubus completely misses you.
The ufetubus misses you. The ufetubus barely misses you.
The ufetubus misses you.
You shoot an arrow.
The arrow hits the ufetubus but does no damage.
The ufetubus is severely wounded.
The ufetubus misses you. The ufetubus barely misses you.
The ufetubus misses you.
The ufetubus hits you but does no damage.
The centaur shoots an arrow.
The arrow hits you!
You die...

............##
.............#.
...............
..............#
..............#
..............#
.......%......#
.....c.@5.....#
........5......
............### #
..........### .#.#
..........# # .#.
..........##.....<
.............###.###
...!.....#### #....#
............###....#


You could see a centaur and 2 ufetubi.

Vanquished Creatures
  A water moccasin (D:5)
  A black bear (D:5)
  A bombardier beetle (D:5)
  4 hounds
  3 jellies (D:5)
  4 iguanas
  9 adders
  2 ufetubi (D:6)
  2 ribbon worms
  6 dart slugs
  9 orcs
  12 endoplasms
  5 giant cockroaches
  8 hobgoblins
  2 jackals (D:1)
  7 quokkas
  3 ball pythons (D:4)
  7 bats
  3 frilled lizards
  7 goblins
  5 kobolds
  7 rats
108 creatures vanquished.

Notes
Turn   | Place    | Note
-------+----------+-------------------------------------------
     0 | D:1      | qw the Spriggan Hunter began the quest for the Orb.
     0 | D:1      | Reached XP level 1. HP: 10/10 MP: 2/2
     0 | D:1      | 0 ||| qw: Version: 0.3-a-160-g6735b56
     0 | D:1      | 0 ||| qw: Game counter: 4582
     0 | D:1      | 0 ||| qw: Melee chars always use a shield: true
     0 | D:1      | 0 ||| qw: God list: Okawaru
     0 | D:1      | 0 ||| qw: Allow faded altars: false
     0 | D:1      | 0 ||| qw: Do Orc after clearing Dungeon:15 true
     0 | D:1      | 0 ||| qw: Do second Lair branch before Depths: true
     0 | D:1      | 0 ||| qw: Lair rune preference: random
     0 | D:1      | 0 ||| qw: Goals: Normal
     0 | D:1      | 0 ||| PLANNING D:1-11
    39 | D:1      | Reached skill level 3 in Dodging
    60 | D:1      | You fall into a shaft and drop 1 floor!
    65 | D:2      | Reached XP level 2. HP: 14/14 MP: 3/3
   141 | D:2      | Reached XP level 3. HP: 18/18 MP: 4/4
   328 | D:2      | 328 ||| READING scroll labelled HAUTOB LISEI.
   328 | D:2      | 328 ||| IDENTIFYING scroll labelled IDOAGU TOACHY
   329 | D:2      | 329 ||| DROPPING scroll of butterflies.
   330 | D:2      | 330 ||| DROPPING scroll of silence.
   333 | D:2      | 333 ||| FLEEEEING.
   334 | D:2      | 334 ||| STAIRDANCE
   611 | D:1      | Reached XP level 4. HP: 17/22 MP: 5/5
  1044 | D:1      | 1044 ||| READING 2 scrolls of identify.
  1044 | D:1      | 1044 ||| IDENTIFYING silvery potion
  1045 | D:1      | 1045 ||| READING scroll of identify.
  1045 | D:1      | 1045 ||| IDENTIFYING blue potion
  1046 | D:1      | 1046 ||| READING scroll labelled MISEOMP XYHY.
  1047 | D:1      | 1047 ||| READING scroll labelled TYNAWKIPNU.
  1051 | D:1      | 1051 ||| READING scroll labelled CAZYRO DIOR.
  1051 | D:1      | 1051 ||| ENCHANTING +0 shortbow.
  1052 | D:1      | 1052 ||| DROPPING potion of lignification.
  1875 | D:3      | Noticed qw's ghost (amateur DEHu)
  1875 | D:3      | Noticed a kobold brigand
  1876 | D:3      | Found a runed translucent gate.
  1876 | D:3      | Found a runed translucent gate.
  1876 | D:3      | Found a runed translucent gate.
  2366 | D:3      | 2366 ||| UPGRADING to amulet of guardian spirit.
  2371 | D:3      | 2371 ||| READING 2 scrolls of identify.
  2371 | D:3      | 2371 ||| IDENTIFYING green potion
  2372 | D:3      | 2372 ||| READING scroll of identify.
  2372 | D:3      | 2372 ||| IDENTIFYING lumpy purple potion
  2373 | D:3      | 2373 ||| READING scroll labelled BAIJAU SY HIMEB.
  2374 | D:3      | 2374 ||| READING scroll labelled ONEGIH SISCH.
  2375 | D:3      | 2375 ||| READING scroll labelled GOFYBLEPSO.
  2376 | D:3      | 2376 ||| DROPPING potion of degeneration.
  2543 | D:4      | Reached XP level 5. HP: 9/26 MP: 1/6
  2689 | D:4      | Identified the +3 quarterstaff of Poverty {venom, ^Contam
                  | rPois Dex+3 Stlth+}
  2736 | D:4      | Noticed a +0 dagger
  2741 | D:4      | Noticed a +0 spear
  2743 | D:4      | Noticed a +0 falchion
  2744 | D:4      | Noticed a +0 dagger
  2745 | D:4      | Found a hide-covered altar of Uskayaw.
  2745 | D:4      | Noticed a +0 falchion
  2745 | D:4      | Noticed a +0 short sword
  2746 | D:4      | Noticed a +0 short sword
  2746 | D:4      | Noticed a +0 spear
  2914 | D:4      | Found a shimmering blue altar of Sif Muna.
  2951 | D:4      | Found a white marble altar of Elyvilon.
  2992 | D:4      | Reached skill level 6 in Ranged Weapons
  3154 | D:4      | 3154 ||| UPGRADING to amulet of faith.
  3164 | D:4      | 3164 ||| READING scroll of identify.
  3164 | D:4      | 3164 ||| IDENTIFYING fuming golden potion
  3165 | D:4      | 3165 ||| READING scroll labelled XIUBRO QOSUMNI.
  3165 | D:4      | 3165 ||| ENCHANTING +0 shortbow.
  3166 | D:4      | 3166 ||| READING 2 scrolls labelled EKLEETS METIU.
  3167 | D:4      | 3167 ||| READING scroll labelled FUDERINAIL.
  3168 | D:4      | 3168 ||| READING scroll labelled SUZ NIOQEG.
  3169 | D:4      | 3169 ||| DROPPING scroll of fear.
  3215 | D:5      | Entered Level 5 of the Dungeon
  3215 | D:5      | Noticed a water moccasin
  3216 | D:5      | 3216 ||| DRINKING potion of haste.
  3234 | D:5      | Killed a water moccasin
  3235 | D:5      | Reached skill level 6 in Dodging
  3235 | D:5      | Reached XP level 6. HP: 17/30 MP: 7/7
  3297 | D:5      | 3297 ||| RETREEEEATING.
  3298 | D:5      | 3298 ||| RETREEEEATING.
  3299 | D:5      | 3299 ||| RETREEEEATING.
  3300 | D:5      | 3300 ||| RETREEEEATING.
  3321 | D:5      | Reached XP level 7. HP: 16/35 MP: 8/8
  3476 | D:5      | Found a staircase to the Ecumenical Temple.
  3477 | D:5      | 3477 ||| PLANNING TEMPLE
  3484 | Temple   | Entered the Ecumenical Temple
  3485 | Temple   | 3485 ||| PLANNING OKAWARU WORSHIP
  3496 | Temple   | Became a worshipper of Warmaster Okawaru
  3497 | Temple   | 3497 ||| PLANNING D:1-11
  3577 | D:5      | Found a sacrificial altar of Ru.
  3861 | D:5      | Found a stormy altar of Qazlal.
  3880 | D:5      | Found a snail-covered altar of Cheibriados.
  4227 | D:6      | Shot with an arrow by a centaur

Levels and vault maps discovered:
D:1:      saegor_arrival_simple_a, layout_loops_ring, lemuel_flame_loot_1
D:2:      layout_loops_cross
D:3:      layout_loops_corners, gammafunk_ghost_nasty_kobolds
D:4:      minmay_bubble_buster, layout_basic, nicolae_sif_muna_condensation,
          nicolae_uskayaw_en_pointe, elyvilon_altar_3, serial_bayou,
          serial_bayou_pond_c, serial_bayou_lagoon_a, serial_bayou_pond_d,
          serial_bayou_pond_d, grunt_ministairs_13
D:5:      nicolae_cairo_tiling, layout_basic,
          mainiacjoe_overflow_concentric_impassable,
          mainiacjoe_overflow_boulevard, mainiacjoe_overflow_cross_hatched
D:6:      layout_rooms, lightli_temple_of_fire, nzn_wu_jian_council_hall,
          kennysheep_generic_room_5
Temple:   hellmonk_temple_rainy

Skill      XL: |  1  2  3  4  5  6  7 |
---------------+----------------------+-----
Dodging        | 4 5 6 7 |  7.0
Ranged Weapons | 5 6 7 |  7.7
Fighting       | 2 |  2.1
Stealth        | |  1.5

Action                     |  1- 3 |  4- 6 |  7- 9 || total
---------------------------+-------+-------+-------++-------
   Fire: Shortbow          |    79 |   172 |    66 ||   317
    Use: Scroll            |     1 |    15 |       ||    16
         Potion            |       |     1 |       ||     1
 Armour: Robe              |     8 |    16 |    11 ||    35
  Dodge: Dodged            |    25 |    63 |    73 ||   161

Table legend:
 A = Non-vault XP
 B = Vault XP
 C = Vault XP percentage of total XP
 D = Non-vault monster count
 E = Vault monster count
 F = Vault count percentage of total count
                 A         B        C        D         E       F
            +---------+---------+-------+---------+---------+-------
      Total |     946 |     140 |  12.9 |      91 |      17 |  15.7
            +---------+---------+-------+---------+---------+-------
        D:1 |      55 |       0 |   0.0 |      27 |       0 |   0.0
        D:2 |      89 |       0 |   0.0 |      23 |       0 |   0.0
        D:3 |      19 |       0 |   0.0 |      11 |       0 |   0.0
        D:4 |      59 |     140 |  70.4 |       8 |      17 |  68.0
        D:5 |     663 |       0 |   0.0 |      19 |       0 |   0.0
        D:6 |      61 |       0 |   0.0 |       3 |       0 |   0.0
            +---------+---------+-------+---------+---------+-------
